 Dungeon Crawl Stone Soup version 0.30-b1-2-g02819fbbbe (webtiles) character file.

Game seed: 454589918833860190

20358 maniek23 the Cleaver (level 12, -15/110 HPs)
             Began as a Minotaur Monk on July 24, 2023.
             Was a High Priest of the Shining One.
             Demolished by a bunyip (shapeshifter) (32 damage)
             ... on level 13 of the Dungeon.
             The game lasted 00:59:55 (13939 turns).

maniek23 the Cleaver (Minotaur Monk)               Turns: 13939, Time: 00:59:55

Health: -15/110    AC: 10    Str: 25    XL:     12   Next: 44%
Magic:  16/16      EV: 15    Int:  7    God:    the Shining One [*****.]
Gold:   297        SH:  0    Dex: 15    Spells: 11/11 levels left

rFire   + . .        U - +5 war axe
rCold   . . .        d - orb {light}
rNeg    + + .        a - +3 troll leather armour {Snorg}
rPois   .            (helmet restricted)
rElec   .            (no cloak)
rCorr   .            (no gloves)
SInv    .            b - +0 pair of boots
Will    .....        V - amulet of faith
Stlth   +            w - ring of protection from fire
HPRegen 0.00/turn    O - +6 ring of strength
MPRegen 0.15/turn

%: faith
@: inhibited regen, glowing
A: horns 2, retaliatory headbutt, inhibited regeneration
a: Renounce Religion, Divine Shield, Cleansing Flame, Summon Divine Warrior


You were on level 13 of the Dungeon.
You worshipped the Shining One.
The Shining One was extremely pleased with you.
You visited 3 branches of the dungeon, and saw 15 of its levels.

You collected 765 gold pieces.
You spent 468 gold pieces at shops.

Inventory:

Hand Weapons
 P - a +1 heavy war axe
 U - a +5 war axe (weapon)
Missiles
 B - 2 boomerangs of dispersal
Armour
 a - a +3 troll leather armour (worn) {Snorg}
 b - a +0 pair of boots (worn)
 d - an orb of light (worn)
 o - a +0 pair of boots
Jewellery
 p - an amulet of the acrobat
 q - the ring "Nazuokua" {rC+ rCorr Str+2 Dex-4}
   (You found it on level 11 of the Dungeon)

   [ring of protection from cold]

   Str:       It affects your strength (+2).
   Dex:       It affects your dexterity (-4).
   rC:        It protects you from cold.
   rCorr:     It protects you from acid and corrosion.
 w - a ring of protection from fire (left hand)
 x - a ring of flight
 D - an amulet of guardian spirit
 F - a ring of magical power
 O - a +6 ring of strength (right hand)
 T - a ring of see invisible
 V - an amulet of faith (around neck)
 Z - a ring of willpower
Wands
 f - a wand of flame (5) (quivered)
 k - a wand of iceblast (7)
 m - a wand of charming (25)
 M - a wand of polymorph (9)
 Q - a wand of mindburst (34)
 X - a wand of digging (2)
Scrolls
 i - a scroll of summoning
 r - 2 scrolls of identify
 s - a scroll of magic mapping {unknown}
 y - 6 scrolls of teleportation
 C - 2 scrolls of immolation {unknown}
 G - 3 scrolls of enchant weapon
 I - a scroll of enchant armour {unknown}
 J - 2 scrolls of fear {unknown}
 K - 2 scrolls of amnesia
 L - a scroll of noise {unknown}
 N - 2 scrolls of fog {unknown}
 W - a scroll of poison {unknown}
Potions
 c - a potion of ambrosia
 e - a potion of might {unknown}
 g - 5 potions of curing
 h - 2 potions of brilliance
 j - a potion of flight
 l - 4 potions of magic
 n - a potion of heal wounds
 v - 3 potions of resistance
 z - 2 potions of mutation
 A - a potion of degeneration
 E - a potion of attraction {unknown}
 H - a potion of cancellation {unknown}
 R - a potion of invisibility {unknown}
 S - 2 potions of lignification {unknown}
 Y - a potion of berserk rage {unknown}


   Skills:
 + Level 11.0 Fighting
 + Level 13.7(14.5) Axes
 + Level 0.9(8.8) Maces & Flails
 + Level 8.1(11.9) Polearms
 + Level 0.2 Throwing
 + Level 10.0 Armour
 + Level 7.6 Dodging
 + Level 2.8 Stealth
 + Level 1.7 Shields
 * Level 7.3 Invocations
 + Level 3.1 Evocations


You had 11 spell levels left.
You didn't know any spells.
Your spell library contained the following spells:

 Spells                   Type           Power      Damage    Failure   Level
 Sting                    Tmut/Pois      0%         1d3       45%         1
 Poisonous Vapours        Pois/Air       0%         N/A       61%         2
 Sublimation of Blood     Necr           0%         N/A       61%         2
 Wereblood                Tmut           0%         N/A       61%         2
 Frozen Ramparts          Ice            0%         1d1       83%         3
 Ice Form                 Ice/Tmut       0%         N/A       99%         4
 Olgreb's Toxic Radiance  Pois           0%         N/A       99%         4
 Summon Ice Beast         Ice/Summ       0%         N/A       99%         4
 Summon Hydra             Summ           0%         N/A       100%        7


Dungeon Overview and Level Annotations

Branches:
Dungeon (13/15)            Temple (1/1) D:7            Lair (0/5) D:10
    Orc (1/2) D:9
 Vaults: D:13-14

Altars:
Ashenzari
Cheibriados
Dithmenos
Elyvilon
Fedhas
Gozag
Hepliaklqana
Kikubaaqudgha
Makhleb
Nemelex Xobeh
Okawaru
Qazlal
Ru
Sif Muna
Trog
Uskayaw
Vehumet
Wu Jian
Xom
Yredelemnul
Zin
The Shining One

Shops:
D:10 (   D:11 (   D:12 =[

Annotations:
D:8 3 transporters
D:12 2 runed translucent doors, FoCKShaftsOnD1's ghost, journeyman MeEE
D:13 1 transporter, exclusion: obsidian statue


Innate Abilities, Weirdness & Mutations

You have a pair of horns on your head.
You reflexively headbutt those who attack you in melee.
You do not regenerate when monsters are visible.


Message History

You headbutt the boulder beetle.
The boulder beetle is severely wounded.
The boulder beetle barely misses you.
You hit the boulder beetle. You headbutt the boulder beetle!
The boulder beetle is almost dead.
You slice the boulder beetle!!
You kill the boulder beetle!
Your Fighting skill increases to level 11!
You start resting.
HP restored.
A bunyip comes into view.
Aiming: Throw Flame
Press: ? - help, Q - select action, (/) - cycle Shift-Dir - straight line, f - bunyip
Aim: a bunyip (wandering, hasn't noticed you, haloed, 81% to hit)
The puff of flame hits the bunyip but does no damage.
The bunyip gives a hideous shriek!
You barely miss the bunyip. The bunyip claws you!!
The bunyip claws you but does no damage.
The bunyip claws you!!
You hit the bunyip. You headbutt the bunyip!
The bunyip is moderately wounded.
The bunyip barely misses you. You furiously retaliate!
You headbutt the bunyip! The bunyip barely misses you. x2
The bunyip changes into a satyr!
The satyr changes into a fire dragon!
The fire dragon breathes flames at you. The blast of flame misses you.
The fire dragon breathes flames at you. The blast of flame hits you.
You resist.
A bunyip comes into view.
Things that are here:
a +0 dagger; a +0 cloak; the human corpse of Maurice
There is a stone staircase leading down here.
You can't go up here!
The bunyip claws you!!
* * * LOW HITPOINT WARNING * * *
The bunyip claws you.
* * * LOW HITPOINT WARNING * * *
The bunyip claws you!!
You die...

#.........#......#.#
##......###......#.# #######
H#..###...#......#.# #......
.#........#......#.# #.#####
....#.#.# #....#.....##.# #.#
.8....#.# #....#).......# #.#####
....#.#.# #...#........###.#....
.l.#..#.######..x.......'.#.#.###
=$[$..#.#..>....@#......#.#.#...#
BHcC8##.#.######.########.#.###.#
######..#.#.# #)# #.#.#..<#
.©.....##.#.####.# #.#.#.###
...######.#......# #...#....
..........#.#################.###
#.#########.........(............
#... .#...........#######.###
#.#######.####.######.# #....


You could see a bunyip.

Vanquished Creatures
  Azrael (D:13)
  Snorg (D:10)
  4 two-headed ogres
  A boulder beetle (D:13)
  Pikel (D:7)
  2 cyclopes
  Maurice (D:13)
  Joseph (D:10)
  A gargoyle (D:11)
  An unseen horror (D:13)
  A kobold demonologist (D:8)
  3 komodo dragons (D:10)
  7 trolls
  27 yaks
  2 shadows
  A wyvern (D:10)
  4 fire elementals (D:13)
  2 wraiths
  A basilisk (D:11)
  2 vampire mosquitoes (D:11)
  4 wargs
  Menkaure (D:5)
  Edmund (D:4)
  An acid dragon (D:11)
  2 hell hounds (D:13)
  7 orc warriors
  2 water moccasins
  2 sky beasts
  A black bear (D:4)
  6 ogres
  5 centaurs
  A phantom (D:5)
  2 kobold brigands
  2 gnoll sergeants
  2 bullfrogs (D:8)
  15 wights
  A howler monkey (D:8)
  An electric eel (D:10)
  A quasit (D:4)
  10 orc priests
  2 hounds
  A jelly (D:4)
  A gnoll bouda (D:4)
  10 orc wizards
  2 sleepcaps (D:4)
  2 iguanas (D:6)
  Ijyb (D:5)
  22 gnolls
  8 adders
  2 shadow imps (D:4)
  4 white imps
  2 ufetubi
  2 dart slugs
  2 worms
  33 orcs
  6 ball pythons
  A bat (D:1)
  A bat zombie (D:7)
  10 endoplasms
  A giant cockroach (D:1)
  14 goblins
  13 hobgoblins
  4 jackals (D:1)
  4 quokkas
  4 frilled lizards
  21 kobolds
  7 rats
  A rat zombie (D:7)
312 creatures vanquished.

Vanquished Creatures (others)
  A gnoll (D:4)
  12 demonic plants (D:4)
  23 plants (D:10)
36 creatures vanquished.

Grand Total: 348 creatures vanquished

Notes
Turn   | Place    | Note
-------+----------+-------------------------------------------
     0 | D:1      | maniek23 the Minotaur Monk began the quest for the Orb.
     0 | D:1      | Reached XP level 1. HP: 19/19 MP: 0/0
   101 | D:1      | Reached XP level 2. HP: 27/27 MP: 1/1
   338 | D:1      | Reached XP level 3. HP: 31/33 MP: 2/2
   706 | D:1      | Found a faded altar of an unknown god.
   994 | D:2      | Reached XP level 4. HP: 40/41 MP: 3/3
  1240 | D:2      | Reached skill level 5 in Polearms
  1479 | D:3      | You fall into a shaft and drop 2 floors!
  1479 | D:5      | Entered Level 5 of the Dungeon
  1500 | D:5      | Noticed Menkaure
  1695 | D:5      | Found a snail-covered altar of Cheibriados.
  1698 | D:5      | Found a stormy altar of Qazlal.
  1698 | D:5      | Found a shimmering altar of Xom.
  1700 | D:5      | Found a burning altar of Makhleb.
  1700 | D:5      | Found a broken altar of Ashenzari.
  1700 | D:5      | Found a shimmering altar of Xom.
  1700 | D:5      | Noticed an ogre
  1739 | D:5      | Noticed Ijyb
  1867 | D:3      | Found a blossoming altar of Fedhas.
  1898 | D:3      | Reached skill level 1 in Armour
  1905 | D:3      | Identified the +1 leather armour of Goat {Contam rElec
                  | Regen+ Dex+3}
  2404 | D:4      | Reached XP level 5. HP: 47/47 MP: 4/4
  2509 | D:4      | Reached skill level 5 in Fighting
  2525 | D:4      | Reached XP level 6. HP: 43/56 MP: 5/5
  2715 | D:4      | Noticed Edmund
  2825 | D:4      | HP: 2/56 [gnoll/+0 halberd[a gnoll bouda] (5)]
  2954 | D:4      | Reached XP level 7. HP: 61/61 MP: 6/6
  2998 | D:4      | Killed Edmund
  2999 | D:4      | Reached skill level 1 in Stealth
  3007 | D:4      | Gained mutation: You do not regenerate when monsters are
                  | visible. [mutagenic glow]
  3641 | D:5      | Killed Menkaure
  3642 | D:5      | Reached skill level 5 in Dodging
  3859 | D:5      | Killed Ijyb
  4050 | D:5      | Reached XP level 8. HP: 68/70 MP: 7/7
  4325 | D:6      | Reached skill level 1 in Axes
  4563 | D:6      | Reached skill level 2 in Axes
  4695 | D:6      | Reached skill level 3 in Axes
  4695 | D:6      | Reached skill level 5 in Armour
  4736 | D:6      | Reached skill level 1 in Evocations
  5175 | D:7      | Reached skill level 4 in Axes
  5321 | D:7      | Found an ornate altar of the Wu Jian Council.
  5433 | D:7      | Found an ancient bone altar of Kikubaaqudgha.
  5578 | D:7      | Reached skill level 5 in Axes
  5578 | D:7      | Reached XP level 9. HP: 59/79 MP: 8/8
  5643 | D:7      | Found a sparkling altar of Nemelex Xobeh.
  5714 | D:7      | Noticed Pikel
  5776 | D:7      | Killed Pikel
  5777 | D:7      | Reached skill level 6 in Axes
  6404 | D:7      | Found a staircase to the Ecumenical Temple.
  6416 | Temple   | Entered the Ecumenical Temple
  6478 | Temple   | Became a worshipper of the Shining One
  6478 | Temple   | Reached * piety under the Shining One
  6478 | Temple   | Reached ** piety under the Shining One
  6660 | D:8      | Found a transporter.
  6661 | D:8      | Found a transporter.
  6667 | D:8      | Found a transporter.
  6667 | D:8      | Found a transporter.
  6689 | D:8      | Reached skill level 7 in Axes
  6730 | D:8      | Reached skill level 1 in Invocations
  6768 | D:8      | Noticed a kobold demonologist
  6779 | D:8      | Killed a kobold demonologist
  6869 | D:8      | Found a hazy altar of Hepliaklqana.
  6881 | D:8      | Found a hide-covered altar of Uskayaw.
  6889 | D:8      | Found a glowing silver altar of Zin.
  6895 | D:8      | Found a snail-covered altar of Cheibriados.
  6900 | D:8      | Found a stormy altar of Qazlal.
  6911 | D:8      | Found a white marble altar of Elyvilon.
  6918 | D:8      | Found a burning altar of Makhleb.
  7078 | D:8      | Reached skill level 8 in Axes
  7095 | D:8      | Reached XP level 10. HP: 57/88 MP: 11/11
  7239 | D:8      | Found a transporter.
  7270 | D:8      | Reached skill level 9 in Axes
  7424 | D:8      | Found a transporter.
  7614 | D:8      | Noticed a two-headed ogre
  7624 | D:8      | Killed a two-headed ogre
  7953 | D:9      | Found a staircase to the Orcish Mines.
  8196 | D:9      | Reached *** piety under the Shining One
  8221 | D:9      | Found an iron altar of Okawaru.
  8445 | D:9      | Reached skill level 10 in Axes
  8511 | D:9      | Found a bloodstained altar of Trog.
  8768 | D:9      | Reached skill level 5 in Invocations
  8768 | D:9      | Reached XP level 11. HP: 76/97 MP: 13/13
  9230 | D:9      | Reached skill level 11 in Axes
  9365 | D:10     | Entered Level 10 of the Dungeon
  9386 | D:10     | Noticed Joseph
  9401 | D:10     | Killed Joseph
  9581 | D:10     | Found Utihem's Antique Weapon Boutique.
  9651 | Orc:1    | Entered Level 1 of the Orcish Mines
  9859 | Orc:1    | Noticed an ettin
 10212 | D:10     | Noticed a two-headed ogre
 10220 | D:10     | Killed a two-headed ogre
 10690 | D:10     | Reached **** piety under the Shining One
 10899 | D:10     | Found a staircase to the Lair.
 11406 | D:10     | Noticed Snorg
 11436 | D:10     | Killed Snorg
 11437 | D:10     | Reached skill level 12 in Axes
 11437 | D:10     | Reached skill level 1 in Shields
 11443 | D:10     | Reached skill level 10 in Fighting
 11634 | D:11     | Noticed a two-headed ogre
 11647 | D:10     | Killed a two-headed ogre
 11868 | D:11     | HP: 4/99 [gargoyle/+2 heavy mace (21)]
 12057 | D:11     | Noticed a two-headed ogre
 12067 | D:11     | Killed a two-headed ogre
 12214 | D:11     | Identified the ring "Nazuokua" {rC+ rCorr Str+2 Dex-4}
 12383 | D:11     | Found Lagizeegy's Antique Weapon Boutique.
 12663 | D:12     | Reached XP level 12. HP: 106/106 MP: 15/15
 12874 | D:12     | Found a large runed translucent door.
 12875 | D:12     | Found a large runed translucent door.
 12876 | D:12     | Noticed FoCKShaftsOnD1's ghost (journeyman MeEE)
 12968 | D:12     | Reached ***** piety under the Shining One
 12990 | D:12     | Reached skill level 13 in Axes
 13078 | D:12     | Found Mumoruc's Jewellery Emporium.
 13081 | D:12     | Bought a +6 ring of strength for 468 gold pieces
 13202 | D:12     | Found Muomykhot's Antique Armour Boutique.
 13337 | D:12     | ghost to kill
 13462 | D:13     | Found a transporter.
 13462 | D:13     | Noticed a yaktaur captain
 13462 | D:13     | Noticed a stone giant
 13464 | D:13     | Noticed a boulder beetle
 13494 | D:13     | Noticed Azrael
 13705 | D:13     | Reached skill level 10 in Armour
 13715 | D:13     | Killed Azrael
 13798 | D:13     | Noticed Maurice
 13809 | D:13     | Killed Maurice
 13834 | D:13     | Noticed a boulder beetle
 13857 | D:13     | Killed a boulder beetle
 13909 | D:13     | Noticed a bunyip
 13922 | D:13     | a bunyip changed into a satyr
 13922 | D:13     | Noticed a satyr (shapeshifter)
 13926 | D:13     | a satyr changed into a fire dragon
 13926 | D:13     | Noticed a fire dragon (shapeshifter)
 13933 | D:13     | Noticed a bunyip
 13939 | D:13     | Demolished by a bunyip (shapeshifter)

Illustrated notes

#.....# ##.<..## ##### ##....##
###.#≈### ###....### ##$.(§~#.#
##.......# #.#[..≈~#
........####..8.#..##
...........##≈~.W.~~#
...........####++###
.##....(#...#...@..#
##......##..#......#
##..........#....###
##..............## ######
................# ### ##..[.##
................###.### #......#
......................###......#
.##..................###......##
.....................####.....#


Turn 13337 on D:12: ghost to kill

Levels and vault maps discovered:
D:1:      eino_arrival_water_star, layout_basic,
          shapermc_ecumenical_altar_pompeii, hangedman_abyss_or_decor_stabs,
          palyth_stone_intersect
D:2:      layout_basic
D:3:      layout_basic, nicolae_overflow_hidden_temple,
          chequers_serial_rivers_micro_b
D:4:      layout_basic, serial_demonic, serial_demonic_g, serial_demonic_d,
          serial_demonic_c, serial_demonic_g, uniq_edmund
D:5:      layout_loops_ring, doesnt_xom_only_xom, uniq_ijyb, uniq_menkaure
D:6:      nicolae_whirlpool, layout_loops_ring
D:7:      layout_layer_cave, mainiacjoe_overflow_alcove_1,
          nemelex_dance_club_becter, lemuel_zombie_altar_kikubaaqudgha,
          temple_hall, uniq_pikel
D:8:      layout_rooms, grunt_temple_overflow_octagram, serial_nicolae_subway,
          nicolae_sub_station_stone, nicolae_sub_station_metal,
          nicolae_sub_station_crystal
D:9:      layout_gridville, okawaru_altar_gauntlet_db,
          mainiacjoe_overflow_paths, minmay_orc_entry_guard_dogs,
          nicolae_lava_and_water
D:10:     layout_irregular_city, david_lair_shrubbed, serial_shops,
          nicolae_shop_statue_plus, minmay_crystal_water, uniq_lodul,
          uniq_snorg, uniq_joseph
D:11:     layout_cave_pods, serial_shops, shop_statue,
          minmay_misc_feat_diagonals, kennysheep_generic_room_6
D:12:     layout_cave_pools, ebering_ghost_disaster_area, serial_shops,
          nicolae_shop_behind_doors, nicolae_shop_gaudy_bauble
D:13:     gammafunk_sealed_arena, layout_basic, grunt_vaults_entry_tiered,
          uniq_kirke, uniq_maurice, uniq_azrael
Temple:   hellmonk_temple_micro_hex
Orc:1:    layout_caves, enter_volcano_4, statue_in_the_mist_lemuel,
          uniq_josephine

Skill      XL: |  1  2  3  4  5  6  7  8  9 10 11 12 |
---------------+-------------------------------------+-----
Fighting       | 4 5 6 7 9 10 11 | 11.0
Polearms       | 4 5 6 7 8 |  8.1
Dodging        | 4 5 6 7 |  7.6
Armour         | 1 2 3 5 7 8 9 10 | 10.0
Stealth        | 1 2 |  2.8
Axes           | 5 8 10 12 13 | 13.7
Evocations     | 1 2 3 |  3.1
Invocations    | 2 5 6 7 |  7.3
Shields        | 1 |  1.7
Maces & Flails | |  0.9
Throwing       | |  0.2

Action                     |  1- 3 |  4- 6 |  7- 9 | 10-12 || total
---------------------------+-------+-------+-------+-------++-------
  Melee: Spear             |    94 |   205 |    13 |       ||   312
         Headbutt          |    18 |    44 |    44 |   129 ||   235
         Hand axe          |       |       |   181 |    48 ||   229
         Flail             |       |       |     1 |       ||     1
         War axe           |       |       |       |   373 ||   373
  Throw: Throwing net      |       |     1 |       |       ||     1
         Boomerang         |       |     1 |       |       ||     1
 Invoke: Divine Shield     |       |       |     1 |     3 ||     4
  Evoke: Wand              |       |     1 |    11 |    29 ||    41
    Use: Scroll            |       |     6 |     7 |     3 ||    16
         Potion            |       |     2 |       |     4 ||     6
   Stab: Held in net/web   |       |     3 |       |       ||     3
 Armour: Chain mail        |    15 |    15 |       |       ||    30
         Robe              |     2 |       |       |       ||     2
         Leather armour    |       |    25 |     3 |       ||    28
         Scale mail        |       |       |    72 |    57 ||   129
         Troll leather arm |       |       |       |    44 ||    44
  Dodge: Dodged            |    30 |   106 |   109 |   246 ||   491
  Block: Orb               |       |       |       |    20 ||    20
